AoeStats
← mats931

Arena

510384354Analyzed
2v2 RM · 1d ago on Sep 30, 2026· 33m 4s· 4 players
Game mode
Random Map
Map size
Medium (4 player)
Population
200
Speed
Normal
Resources
Standard
Victory
Conquest
Starting age
Dark Age
Ending age
Imperial Age
RankedLock teamsTeams togetherTeam positionsShared explorationLock speedFull tech treeHidden civsTurbo modeCheats
Victory
Defeat
🇩🇪 Danes · Germany
917
+14
🇩🇪 Saracens · Germany
917
+14
🇧🇴 Bohemians · Bolivia
893
-15
🇪🇸 Chinese · Spain
843
-13
mateosoria0811
3:11 Loom
12:10 Feudal Age
16:02 Castle Age
13:57 Double-Bit Axe
14:34 Horse Collar
19:30 Heavy Plow
19:46 Bow Saw
24:08 Chemistry
Glanderl
0:33 Loom
12:17 Feudal Age
12:45 Horse Collar
14:14 Double-Bit Axe
16:54 Stone Mining
21:06 Castle Age
21:41 Town Watch
24:33 Wheelbarrow
24:11 Bow Saw
23:55 Gold Mining
26:23 Ballistics
28:27 Scale Mail Armor
28:30 Padded Archer Armor
30:07 Fletching
mats931
0:26 Loom
11:54 Feudal Age
13:45 Wheelbarrow
16:03 Castle Age
14:57 Stone Mining
15:39 Double-Bit Axe
17:30 Horse Collar
20:15 Hand Cart
20:39 Gold Mining
21:14 Crossbowman
29:47 Husbandry
31:53 Bloodlines
36:09 Imperial Age
Schokoladeneis
0:26 Loom
11:37 Feudal Age
13:06 Wheelbarrow
15:46 Castle Age
14:57 Double-Bit Axe
14:55 Horse Collar
18:41 Bow Saw
23:01 Forging
32:39 Hand Cart
Connection lost

Rejoining the realm…

Still unreachable

The connection could not be restored.

Session expired

The server has moved on; the page needs a fresh start.